 Dungeon Crawl Stone Soup version 0.27.1-33-g824d729ab1 (webtiles) character file.

Game seed: 10565929293489156655

339776 guntergyo the Impaler (level 22, -5/179 HPs)
             Began as a Formicid Hunter on Nov 30, 2021.
             Was an Initiate of Gozag.
             Slain by an ironbound thunderhulk (20 damage)
             ... on level 3 of the Vaults on Dec 1, 2021.
             The game lasted 05:02:45 (59266 turns).

guntergyo the Impaler (Formicid Hunter)            Turns: 59266, Time: 05:02:51

Health: -5/179     AC: 14    Str: 21    XL:     22   Next: 96%
Magic:  32/32      EV: 20    Int: 17    God:    Gozag
Gold:   1999       SH: 29    Dex: 19    Spells: 12/35 levels left

rFire    + + +     SeeInvis +   a - +8 demon trident (vamp)
rCold    + + +     Faith    .   A - +3 tower shield of Juguh {rC+ Dex+3 SInv}
rNeg     . . .     Spirit   .   V - +3 leather armour {rF+}
rPois    .         Reflect  +   (helmet unavailable)
rElec    .         Harm     .   O - scarf {rC+ rF+}
rCorr    +         Rampage  +   d - +2 pair of gloves {archery}
Will     ++++.                  Z - +2 pair of boots {rampage}
Stlth    +++.......             E - amulet of reflection
HPRegen  0.39/turn              T - ring "Tialla" {rF+ Will+ Dex+5}
MPRegen  0.23/turn              B - ring of Broken Luck {Contam rC+ rCorr Slay+5 Stlth+}

@: studying 2 skills
A: permanent stasis, dig shafts and tunnels, antennae 3, four strong arms,
deterioration 1, strong-willed 1
}: 2/15 runes: decaying, gossamer
a: Dig, Shaft Self, Renounce Religion, Potion Petition, Call Merchant, Bribe
Branch


You were on level 3 of the Vaults.
You worshipped Gozag.
Gozag was most pleased with you.
You visited 8 branches of the dungeon, and saw 38 of its levels.
You also visited: Sewer, Gauntlet, Ice Cave and Wizlab.

You collected 17473 gold pieces.
You spent 4890 gold pieces at shops.
You paid 10584 gold pieces to Gozag.

Inventory:

Hand Weapons
 a - a +8 vampiric demon trident (weapon)
 n - a +2 antimagic halberd
 w - the +5 battleaxe of Liebon {vorpal, rC+++ rN+ Will+ Str-5}
   (You took it off a deep elf archer on level 3 of the Elven Halls)

   It inflicts extra damage upon your enemies.
   Str:       It affects your strength (-5).
   rC:        It renders you almost immune to cold.
   rN:        It protects you from negative energy.
   Will:      It increases your willpower.
 Q - the +6 battleaxe "Dragon's Peril" {holy, Str+4}
   (You took it off a deep elf high priest on level 3 of the Elven Halls)

   It has been blessed by the Shining One to cause great damage to the undead
   and demons.
   Str:       It affects your strength (+4).
Missiles
 b - 4 boomerangs of dispersal
 j - 156 poisoned darts
 k - 299 bolts
 q - 11 curare-tipped darts
 s - 2 silver boomerangs (quivered)
 C - 51 boomerangs
 G - 11 silver javelins
 H - 2 atropa-tipped darts
 L - 57 stones
 W - 6 javelins
Armour
 d - a +2 pair of gloves of archery (worn)
 A - the +3 tower shield of Juguh (worn) {rC+ Dex+3 SInv}
   (You bought it in a shop on level 3 of the Elven Halls)

   Dex:       It affects your dexterity (+3).
   rC:        It protects you from cold.
   SInv:      It lets you see invisible.
 O - a scarf of resistance (worn)
 V - a +3 leather armour of fire resistance (worn)
 Z - a +2 pair of boots of rampaging (worn)
Jewellery
 c - an amulet of regeneration
 p - a ring of poison resistance
 r - a ring of ice
 u - a ring of flight
 B - the ring of Broken Luck (right hand) {Contam rC+ rCorr Slay+5 Stlth+}
   (You acquired it in a wizard's laboratory)

   [ring of protection from cold]

   Slay:      It affects your accuracy & damage with ranged weapons and melee
   (+5).
   rC:        It protects you from cold.
   Contam:    It causes magical contamination when unequipped.
   rCorr:     It protects you from acid and corrosion.
   Stlth:     It makes you more stealthy.
 E - an amulet of reflection (around neck)
 T - the ring "Tialla" (left hand) {rF+ Will+ Dex+5}
   (You found it in a Gauntlet)

   [ring of protection from fire]

   Dex:       It affects your dexterity (+5).
   rF:        It protects you from fire.
   Will:      It increases your willpower.
Wands
 t - a wand of acid (4)
 y - a wand of mindburst (8)
 P - a wand of paralysis (32)
 U - a wand of polymorph (10)
 X - a wand of digging (20)
Scrolls
 g - 8 scrolls of fog
 h - 6 scrolls of magic mapping
 o - a scroll of enchant armour
 v - a scroll of noise
 z - 4 scrolls of fear
 D - 22 scrolls of identify
 M - 5 scrolls of immolation
 S - a scroll of vulnerability
Potions
 f - a potion of invisibility
 i - 3 potions of magic
 l - 6 potions of ambrosia
 m - 2 potions of resistance
 x - 2 potions of might
 J - 2 potions of heal wounds
 K - 2 potions of flight
 N - 4 potions of cancellation
 R - a potion of brilliance
 Y - 9 potions of curing
Miscellaneous
 e - a piece from Xom's chessboard (15/15)
 F - a lightning rod (4/4)
 I - a box of beasts


   Skills:
 + Level 16.4 Fighting
 * Level 18.0 Polearms
 - Level 5.7 Crossbows
 + Level 16.7 Throwing
 + Level 12.3 Armour
 + Level 11.9 Dodging
 - Level 1.2 Stealth
 - Level 16.5 Shields
 + Level 7.2 Spellcasting
 + Level 8.6 Hexes
 + Level 4.9 Translocations
 - Level 3.0 Fire Magic
 + Level 14.1 Evocations


You had 12 spell levels left.
You knew the following spells:

 Your Spells              Type           Power      Damage    Failure   Level
a - Apportation           Tloc           46%        N/A       1%          1
b - Inner Flame           Hex/Fire       25%        N/A       3%          3
c - Tukima's Dance        Hex            35%        N/A       1%          3
d - Confusing Touch       Hex            35%        N/A       1%          3
e - Cause Fear            Hex            17%        N/A       3%          4
f - Slow                  Hex            35%        N/A       1%          2
g - Passage of Golubria   Tloc           N/A        N/A       16%         4
h - Portal Projectile     Hex/Tloc       58%        N/A       2%          3

Your spell library contained the following spells:

 Spells                   Type           Power      Damage    Failure   Level
 Corona                   Hex            38%        N/A       1%          1
 Gell's Gravitas          Tloc           11%        N/A       4%          3
 Lesser Beckoning         Tloc           11%        N/A       4%          3
 Dazzling Flash           Conj/Hex       40%        N/A       6%          3
 Foxfire                  Conj/Fire      44%        2x1d6     7%          1
 Animate Skeleton         Necr           12%        N/A       13%         1
 Beastly Appendage        Tmut           12%        N/A       13%         1
 Freeze                   Ice            24%        1d5       13%         1
 Pain                     Necr           24%        1d5       13%         1
 Shock                    Conj/Air       24%        1d4       13%         1
 Summon Small Mammal      Summ           24%        N/A       13%         1
 Corpse Rot               Necr/Air       N/A        N/A       19%         2
 Poisonous Vapours        Pois/Air       12%        N/A       19%         2
 Static Discharge         Conj/Air       6%         N/A       19%         2
 Wereblood                Tmut           6%         N/A       19%         2
 Conjure Flame            Conj/Fire      11%        6-21      21%         3
 Leda's Liquefaction      Hex/Erth       10%        N/A       22%         4
 Ignite Poison            Fire/Tmut/Pois 9%         N/A       26%         3
 Call Canine Familiar     Summ           6%         N/A       36%         3
 Frozen Ramparts          Ice            12%        1d3       36%         3
 Ozocubu's Armour         Ice            6%         N/A       36%         3
 Spider Form              Tmut/Pois      3%         N/A       36%         3
 Stone Arrow              Conj/Erth      12%        3d7       36%         3
 Vampiric Draining        Necr           3%         2d6       36%         3
 Iskenderun's Mystic Bla  Conj/Tloc      14%        2d5       41%         4
 Manifold Assault         Tloc           23%        N/A       41%         5
 Metabolic Englaciation   Hex/Ice        10%        N/A       52%         5
 Silence                  Hex/Air        10%        N/A       52%         5
 Summon Mana Viper        Hex/Summ       20%        N/A       52%         5
 Yara's Violent Unravell  Hex/Tmut       10%        3d6       52%         5
 Sticky Flame             Conj/Fire      11%        2d3       56%         4
 Airstrike                Air            3%         N/A       77%         4
 Animate Armour           Summ/Erth      12%        N/A       77%         4
 Animate Dead             Necr           3%         N/A       77%         4
 Dispel Undead            Necr           6%         3d8       77%         4
 Hailstorm                Conj/Ice       6%         3d4       77%         4
 Ice Form                 Ice/Tmut       6%         N/A       77%         4
 Summon Ice Beast         Ice/Summ       6%         N/A       77%         4
 Summon Lightning Spire   Summ/Air       6%         N/A       77%         4
 Fireball                 Conj/Fire      5%         3d5       88%         5
 Bolt of Magma            Conj/Fire/Erth 4%         4d5       93%         5
 Dispersal                Tloc           11%        N/A       94%         6
 Agony                    Necr           6%         N/A       98%         5
 Blade Hands              Tmut           3%         N/A       98%         5
 Borgnjor's Vile Clutch   Necr/Erth      3%         N/A       98%         5
 Freezing Cloud           Conj/Ice/Air   3%         6-21      98%         5
 Irradiate                Conj/Tmut      3%         3d14      98%         5
 Iron Shot                Conj/Erth      3%         9d2       100%        6
 Simulacrum               Ice/Necr       3%         N/A       100%        6
 Starburst                Conj/Fire      5%         6d4       100%        6
 Dragon Form              Tmut           3%         N/A       100%        7
 Haunt                    Necr/Summ      3%         N/A       100%        7
 Malign Gateway           Summ/Tloc      7%         N/A       100%        7
 Monstrous Menagerie      Summ           3%         N/A       100%        7
 Ozocubu's Refrigeration  Ice            3%         4d5       100%        7
 Storm Form               Tmut/Air       3%         N/A       100%        7
 Borgnjor's Revivificati  Necr           3%         N/A       100%        8
 Discord                  Hex            17%        N/A       100%        8
 Disjunction              Tloc           11%        N/A       100%        8
 Infestation              Necr           3%         N/A       100%        8
 Lehudib's Crystal Spear  Conj/Erth      3%         10d2      100%        8
 Maxwell's Capacitive Co  Air            3%         ∞         100%        8
 Necromutation            Tmut/Necr      3%         N/A       100%        8
 Summon Horrible Things   Summ           3%         N/A       100%        8
 Death's Door             Necr           3%         N/A       100%        9
 Fire Storm               Conj/Fire      5%         8d2       100%        9
 Polar Vortex             Ice            3%         N/A       100%        9
 Blink                    Tloc           Unusable   N/A       N/A         2
 Swiftness                Air            Unusable   N/A       N/A         3

Dungeon Overview and Level Annotations

Branches:
Dungeon (15/15)            Temple (1/1) D:7            Lair (6/6) D:8
  Swamp (4/4) Lair:2       Spider (4/4) Lair:2        Slime (0/5) Lair:6
    Orc (2/2) D:12            Elf (3/3) Orc:2        Vaults (3/5) D:14
  Crypt (0/3) Vaults:2     Depths (0/5) D:15          Sewer (visited)
  IceCv (visited)          WizLab (visited)         Gauntlet (visited)

Altars:
Ashenzari
Cheibriados
Dithmenos
Elyvilon
Fedhas
Gozag
Hepliaklqana
Kikubaaqudgha
Makhleb
Nemelex Xobeh
Okawaru
Qazlal
Ru
Sif Muna
Trog
Uskayaw
Vehumet
Wu Jian
Xom
Yredelemnul
Zin
The Shining One
Beogh
Lugonu

Shops:
D:12 (   D:15 *!:   Orc:2 :([[   Elf:2 ?   Elf:3 [

Portals:
Abyss: Lair:6 Swamp:2

Annotations:
D:4 Edmund
D:6 exclusions: electric eel and sensed monster (detected)
D:7 Harold
D:10 Erolcha
Swamp:2 2 transporters, Ybburrusol's ghost, adept MfIE
Elf:1 6 runed translucent doors
Elf:2 3 runed translucent doors


Innate Abilities, Weirdness & Mutations

You cannot be hasted, slowed, berserked, paralysed or teleported.
You can dig through walls and to a lower floor.
You have a pair of large antennae on your head. (SInv)
Your four strong arms can wield two-handed weapons with a shield.
Your body sometimes deteriorates upon taking damage.
You are strong-willed. (Will+)


Message History

You block the ironbound frostheart's attack.
A yaktaur comes into view.
You block the vault warden's attack.
You impale the yaktaur captain!!
You feel better.
The yaktaur captain is severely wounded.
You block the ironbound thunderhulk's attack.
You block the yaktaur captain's attack.
You block the ironbound frostheart's attack.
The vault warden hits you with a +3 long sword of holy wrath!!!
You barely miss the yaktaur captain.
The yaktaur captain is severely wounded.
The ironbound convoker casts a spell at the ironbound thunderhulk.
The ironbound thunderhulk seems to grow stronger.
You puncture the yaktaur captain!
You feel better.
The yaktaur captain is almost dead.
You block the ironbound thunderhulk's attack.
You block the yaktaur captain's attack.
The ironbound frostheart completely misses you.
The vault warden hits you with a +3 long sword of holy wrath!!
* * * LOW HITPOINT WARNING * * *
You hit the yaktaur captain but do no damage.
The yaktaur captain is almost dead.
The ironbound thunderhulk hits you with a +0 dire flail!
* * * LOW HITPOINT WARNING * * *
Unknown command. [a] - 192 gold - heal wounds and curing [b] - 242 gold - curing and magic [c] - 378 gold - resistance, might and brilliance Purchase which effect?
You feel much better.
You feel better.
Electricity crackles from the ironbound thunderhulk's apparatus.
The bolt of lightning hits you!!
* * * LOW HITPOINT WARNING * * *
You block the ironbound frostheart's attack.
The yaktaur captain hits you!
* * * LOW HITPOINT WARNING * * *
You block the vault warden's attack.
The ironbound thunderhulk hits you with a +0 dire flail!!
You die...
Your body crumbles into a pile of gold.

.# #.## .##..##
..#...#+ #.#....##
#.#.....## #.
##.#..<...## #..#
o##..+.......##
#.Oc##c.##).......#
#OpO@p###)########
#+##p##..........
...##.........
#....##........
.#.....##...####
..##..... #..# ..
##..... #.# ..
#..... .#


You could see a vault warden (strong), 3 ironbound thunderhulks, a yaktaur
captain, an ironbound frostheart, an ironbound convoker and a yaktaur.

Vanquished Creatures
  A royal mummy (WizLab)
  Bai Suzhen (Spider:4)
  A deep elf blademaster (Elf:3)
  A deep elf master archer (Elf:3)
  Frances (D:12)
  An ancient champion (Vaults:2)
  2 thorn hunters
  Gastronok (D:12)
  4 vault wardens
  2 orc warlords
  6 ghost moths
  2 ghouls (Swamp:2)
  4 deep elf sorcerers
  A curse skull (Vaults:2)
  Louise (Spider:3)
  5 emperor scorpions
  A juggernaut zombie (D:15)
  7 deep elf elementalists (Elf:3)
  11 ironbound preservers
  6 deep elf demonologists
  6 entropy weavers
  A white draconian (IceCv)
  7 deep elf annihilators (Elf:3)
  A minotaur (Gauntlet)
  An eleionoma (Swamp:1)
  7 bunyips
  An ettin (D:12)
  5 spark wasps
  Snorg (D:11)
  3 mummy priests (WizLab)
  4 yaktaur captains
  9 deep elf death magi (Elf:3)
  A jiangshi (Vaults:2)
  A shambling mangrove (Swamp:3)
  8 deep elf high priests
  Josephine (Lair:4)
  8 boulder beetles
  5 vault guards
  4 ironbound thunderhulks
  23 hydras
  5 ghost crabs
  4 ironbound frosthearts
  A catoblepas (Lair:6)
  6 two-headed ogres
  6 centaur warriors
  2 death knights
  6 alligators
  A tengu warrior (D:13)
  3 orc high priests
  19 deep elf knights
  A shock serpent (shapeshifter) (Elf:1)
  4 thrashing horrors (Lair:6)
  6 skeletal warriors
  A fire crab (shapeshifter) (Elf:3)
  A spark wasp zombie (WizLab)
  3 goliath frogs
  4 spriggan druids
  33 deep trolls
  A flayed ghost (D:15)
  11 deep elf archers
  3 tengu zombies (WizLab)
  11 swamp dragons
  4 wizards
  6 bog bodies
  Pikel (D:8)
  A sphinx zombie (WizLab)
  2 necromancers
  2 orc knights
  A phantasmal warrior (D:15)
  2 lindwurms
  24 deep elf zephyrmancers
  4 ironbound convokers
  32 orb spiders
  25 deep elf pyromancers
  23 wolf spiders
  9 cyclopes
  2 stone giant zombies
  A salamander (shapeshifter) (Elf:3)
  3 orc sorcerers (Orc:2)
  3 will-o-the-wisps
  7 ugly things
  2 human zombies (WizLab)
  4 manticores
  Maurice (D:8)
  4 elephants
  5 black mambas
  5 moths of wrath
  9 vault sentinels
  A smoke demon (Lair:6)
  13 cane toads
  2 ice statues (IceCv)
  2 large abominations (Lair:6)
  5 torpor snails
  6 rime drakes
  Psyche (D:9)
  11 yaktaurs
  5 orange demons (Elf:1)
  10 demonic crawlers
  An unseen horror (shapeshifter) (Elf:1)
  2 unseen horrors
  5 freezing wraiths
  A tengu conjurer (D:13)
  10 komodo dragons
  A guardian mummy (D:15)
  2 ancient zymes (Lair:6)
  45 jumping spiders
  3 meliai (D:15)
  7 trolls
  A fire dragon zombie (WizLab)
  A bloated husk (Swamp:4)
  3 ettin zombies (WizLab)
  12 hornets
  34 blink frogs
  19 slime creatures
  4 tyrant leeches
  2 ice dragon zombies
  A spriggan zombie (WizLab)
  A deep troll zombie (D:15)
  4 dream sheep
  4 air elementals
  95 redbacks
  A vampire (D:12)
  3 shadows
  12 spriggans
  2 water elementals
  25 tarantellas
  2 ynoxinuls (Lair:6)
  47 yaks
  4 wyverns
  7 wraiths
  3 basilisks
  2 chaos spawn (Lair:6)
  A fire elemental (Elf:1)
  A steam dragon (D:9)
  19 humans (D:14)
  Grum (D:11)
  20 vampire mosquitoes
  A warg (Orc:2)
  15 swamp worms
  2 acid dragons
  A naga (shapeshifter) (Lair:6)
  29 water moccasins
  2 black bears
  34 orc warriors
  7 swamp drakes
  13 small abominations (Lair:6)
  9 necrophages
  9 ogres
  9 boggarts
  25 wolves
  A phantom (D:4)
  11 centaurs
  2 lemures (D:8)
  2 earth elementals (Elf:1)
  A kobold brigand (D:6)
  10 bullfrogs
  4 gnoll sergeants
  5 scorpions (Elf:1)
  3 lindwurm simulacra (IceCv)
  7 wights
  9 howler monkeys
  5 electric eels
  3 centaur zombies
  6 komodo dragon simulacra (IceCv)
  9 hounds
  Crazy Yiuf (D:2)
  30 orc priests
  A centaur skeleton (D:4)
  4 gnoll shamans
  3 iguanas
  31 orc wizards
  5 hell rats (Lair:2)
  2 killer bee zombies (D:6)
  A howler monkey zombie (D:6)
  36 gnolls
  7 acid dragon simulacra (IceCv)
  18 adders
  A howler monkey skeleton (D:5)
  2 river rats (D:6)
  2 white imps
  5 steam dragon simulacra (IceCv)
  3 adder skeletons
  A worm (D:2)
  3 dart slugs
  98 orcs
  12 bats
  6 endoplasms
  2 giant cockroaches
  6 goblins
  11 hobgoblins
  12 jackals
  8 kobolds
  3 quokkas
  10 ball pythons
  3 frilled lizards
  6 rats
1501 creatures vanquished.

Vanquished Creatures (collateral kills)
  the Lernaean hydra (Swamp:4)
  Arachne (Spider:4)
  A deep elf master archer (Elf:3)
  Asterion (Spider:3)
  A hydra (Swamp:4)
  Sonja (Lair:3)
  A cane toad (Lair:3)
  A hornet (Swamp:2)
  A swamp worm (Swamp:2)
9 creatures vanquished.

Vanquished Creatures (others)
  A deep elf master archer (Elf:3)
  A deep elf demonologist (Elf:3)
  A deep elf annihilator (Elf:3)
  A deep elf death mage (Elf:3)
  An eleionoma (Swamp:2)
  14 dancing weapons
  A spriggan druid (Swamp:1)
  A deep elf pyromancer (Elf:3)
  An orb spider (Spider:3)
  A wizard (Vaults:1)
  2 deep elf zephyrmancers (Elf:3)
  An efreet (D:11)
  2 bloated husks (Swamp:1)
  A redback (Spider:3)
  12 foxfires
  53 fungi
  56 plants
  8 withered plants (D:15)
158 creatures vanquished.

Grand Total: 1668 creatures vanquished

Notes
Turn   | Place    | Note
-------+----------+-------------------------------------------
     0 | D:1      | guntergyo the Formicid Hunter began the quest for the Orb.
     0 | D:1      | Reached XP level 1. HP: 16/16 MP: 1/1
   104 | D:1      | Reached XP level 2. HP: 22/23 MP: 2/2
   172 | D:1      | Found a faded altar of an unknown god.
   506 | D:1      | Reached XP level 3. HP: 25/28 MP: 3/3
   512 | D:1      | Reached skill level 1 in Polearms
  1394 | D:2      | Reached XP level 4. HP: 31/34 MP: 4/4
  1911 | D:2      | Found a runed translucent door.
  1912 | D:2      | Noticed Crazy Yiuf
  1919 | D:2      | Killed Crazy Yiuf
  1920 | D:2      | Reached skill level 2 in Polearms
  1920 | D:2      | Reached skill level 1 in Throwing
  2234 | D:3      | Reached XP level 5. HP: 23/41 MP: 5/5
  2383 | D:3      | Found a broken altar of Ashenzari.
  2555 | D:2      | Reached skill level 5 in Crossbows
  3137 | D:3      | Found a blossoming altar of Fedhas.
  3344 | D:4      | Noticed a phantom
  3361 | D:4      | Killed a phantom
  3362 | D:4      | Reached skill level 1 in Shields
  3362 | D:4      | Reached XP level 6. HP: 26/47 MP: 6/6
  3605 | D:4      | Noticed a black bear
  3613 | D:4      | Killed a black bear
  3614 | D:4      | Reached skill level 3 in Polearms
  3889 | D:4      | Found a white marble altar of Elyvilon.
  3892 | D:4      | Noticed Edmund
  4090 | D:4      | Found a burning altar of Makhleb.
  4090 | D:4      | Noticed a cacodemon
  4093 | D:4      | Noticed a hellwing
  4093 | D:4      | Noticed a smoke demon
  4146 | D:4      | Reached XP level 7. HP: 53/53 MP: 7/7
  4650 | D:5      | Entered Level 5 of the Dungeon
  4868 | D:5      | Reached skill level 4 in Polearms
  4881 | D:5      | Reached skill level 1 in Armour
  4881 | D:5      | Reached skill level 1 in Evocations
  4881 | D:5      | Reached XP level 8. HP: 47/60 MP: 8/8
  5103 | D:5      | Found a hide-covered altar of Uskayaw.
  5110 | D:5      | Learned a level 1 spell: Apportation
  5226 | D:5      | Found a sparkling altar of Nemelex Xobeh.
  6166 | D:6      | Reached skill level 5 in Polearms
  6179 | D:6      | Found a glowing drain.
  6199 | Sewer    | Entered a sewer
  6550 | D:6      | Reached XP level 9. HP: 63/67 MP: 9/9
  6585 | D:6      | Reached skill level 5 in Fighting
  7265 | D:6      | Found a snail-covered altar of Cheibriados.
  7267 | D:6      | Found a basalt altar of Yredelemnul.
  7269 | D:6      | Found a glowing golden altar of the Shining One.
  7270 | D:6      | Found a shimmering altar of Xom.
  8223 | D:7      | Noticed Harold
  8248 | D:7      | Reached skill level 5 in Throwing
  8284 | D:7      | You fall into a shaft and drop 1 floor!
  8524 | D:7      | Reached skill level 6 in Polearms
  8888 | D:7      | Found a staircase to the Ecumenical Temple.
  8996 | Temple   | Entered the Ecumenical Temple
  9003 | Temple   | Became a worshipper of Gozag Ym Sagoz the Greedy
  9113 | D:8      | Found a staircase to the Lair.
  9496 | D:8      | Reached XP level 10. HP: 56/76 MP: 10/10
  9835 | D:8      | Reached skill level 7 in Polearms
 10446 | D:9      | Noticed Psyche
 10449 | D:9      | Killed Psyche
 10742 | D:9      | Noticed Pikel
 10775 | D:8      | Reached skill level 5 in Armour
 10980 | D:8      | Reached skill level 5 in Evocations
 10983 | D:8      | Killed Pikel
 10984 | D:8      | Reached skill level 8 in Polearms
 11352 | D:9      | Noticed Maurice
 11369 | D:8      | Killed Maurice
 11370 | D:8      | Reached XP level 11. HP: 73/83 MP: 11/11
 12016 | D:10     | Entered Level 10 of the Dungeon
 12051 | D:10     | Noticed Erolcha
 12120 | D:10     | Noticed a two-headed ogre
 12133 | D:10     | Killed a two-headed ogre
 12410 | D:10     | Reached skill level 9 in Polearms
 12957 | D:10     | Noticed a cyclops
 12991 | D:10     | Killed a cyclops
 13989 | D:11     | Noticed Snorg
 14105 | D:11     | Found a gate leading to a gauntlet.
 14110 | Gauntlet | Entered a Gauntlet
 14110 | Gauntlet | Found a transporter.
 14110 | Gauntlet | Found a transporter.
 14110 | Gauntlet | Found a transporter.
 14113 | Gauntlet | Noticed an elephant
 14117 | Gauntlet | Noticed an elephant
 14119 | Gauntlet | Found a transporter.
 14120 | Gauntlet | Found a transporter.
 14123 | Gauntlet | Found a transporter.
 14123 | Gauntlet | Noticed an elephant
 14134 | Gauntlet | Noticed an elephant
 14141 | Gauntlet | Found a transporter.
 14141 | Gauntlet | Found a transporter.
 14142 | Gauntlet | Found a transporter.
 14144 | Gauntlet | Found a transporter.
 14146 | Gauntlet | Noticed an orange crystal statue
 14165 | Gauntlet | Found a transporter.
 14167 | Gauntlet | Found a transporter.
 14484 | Gauntlet | Identified the ring "Tialla" {rF+ Will+ Dex+5}
 14538 | Gauntlet | Gained mutation: Your magical capacity is low. (-10% MP)
                  | [potion of mutation]
 14538 | Gauntlet | Gained mutation: Armour fits poorly on your strangely
                  | shaped body. [potion of mutation]
 14538 | Gauntlet | Gained mutation: Your spells are a little easier to cast,
                  | but a little less powerful. [potion of mutation]
 14544 | Gauntlet | Noticed a minotaur
 14566 | Gauntlet | Killed a minotaur
 14567 | Gauntlet | Reached skill level 5 in Dodging
 14567 | Gauntlet | Reached skill level 1 in Translocations
 14875 | D:11     | Killed Snorg
 15302 | D:11     | Noticed Grum
 15319 | D:11     | Killed Grum
 15828 | D:11     | Noticed a wizard
 15835 | D:11     | Killed a wizard
 15836 | D:11     | Reached XP level 12. HP: 86/92 MP: 10/10
 15893 | D:11     | Noticed a two-headed ogre
 15898 | D:11     | Killed a two-headed ogre
 15899 | D:11     | Reached skill level 10 in Polearms
 15899 | D:11     | Reached skill level 5 in Shields
 16080 | D:11     | Noticed a boulder beetle
 16095 | D:11     | Killed a boulder beetle
 16908 | D:12     | Noticed Frances
 16918 | D:12     | Killed Frances
 17247 | D:12     | Learned a level 3 spell: Inner Flame
 17375 | D:12     | Found Asaith's Antique Weapon Emporium.
 18140 | D:12     | Reached skill level 1 in Hexes
 18330 | D:12     | Reached skill level 1 in Spellcasting
 18330 | D:12     | Reached skill level 1 in Fire Magic
 18443 | D:12     | Noticed a two-headed ogre
 18490 | D:12     | Killed a two-headed ogre
 18491 | D:12     | Reached XP level 13. HP: 100/100 MP: 13/13
 18539 | D:12     | Reached skill level 11 in Polearms
 18903 | D:12     | Identified the +5 shortbow of the Blind Eye {flame, rC+
                  | Str+2}
 18903 | D:12     | Noticed an orc warlord
 18903 | D:12     | Noticed an ettin
 18932 | D:12     | Killed an ettin
 18943 | D:12     | Killed an orc warlord
 19053 | D:12     | Noticed Gastronok
 19067 | D:12     | Killed Gastronok
 19574 | D:12     | Found a staircase to the Orcish Mines.
 19583 | Orc:1    | Entered Level 1 of the Orcish Mines
 20283 | Orc:2    | Entered Level 2 of the Orcish Mines
 20420 | Orc:2    | Found a staircase to the Elven Halls.
 20979 | Orc:2    | Found Gaipp's Book Boutique.
 20989 | Orc:2    | Bought Great Wizards, Vol. VII for 450 gold pieces
 20989 | Orc:2    | Bought a book of Hexes for 540 gold pieces
 20989 | Orc:2    | Bought a book of Misfortune for 390 gold pieces
 20993 | Orc:2    | Learned a level 3 spell: Tukima's Dance
 20997 | Orc:2    | Learned a level 3 spell: Confusing Touch
 21002 | Orc:2    | Learned a level 4 spell: Cause Fear
 21005 | Orc:2    | Learned a level 2 spell: Slow
 21288 | Orc:2    | Found Zenn's Armour Shoppe.
 22207 | Orc:2    | Noticed an orc warlord
 22232 | Orc:2    | Killed an orc warlord
 22233 | Orc:2    | Reached XP level 14. HP: 14/108 MP: 17/17
 22867 | Orc:2    | Found Belakof's Antique Armour Shoppe.
 22871 | Orc:2    | Found Pufumpuq's Antique Weapon Emporium.
 22887 | Orc:2    | Bought a glowing glaive for 275 gold pieces
 22897 | Orc:2    | Bought a glimmering buckler for 266 gold pieces
 22897 | Orc:2    | Identified the +2 buckler of Vehumet's Approval {Int+3}
                  | (You bought it in a shop on level 2 of the Orcish Mines)
 22989 | Orc:2    | Learned a level 4 spell: Passage of Golubria
 23091 | Lair:1   | Entered Level 1 of the Lair of Beasts
 23147 | Lair:1   | Found a frozen archway.
 23172 | IceCv    | Entered an ice cave
 24693 | IceCv    | Noticed a white draconian
 24766 | IceCv    | Killed a white draconian
 24767 | IceCv    | Reached skill level 12 in Polearms
 25785 | Lair:1   | Reached skill level 5 in Hexes
 25853 | Lair:2   | Found a hole to the Spider Nest.
 26131 | Lair:2   | Reached skill level 10 in Fighting
 26310 | Lair:2   | Found a staircase to the Swamp.
 26944 | Lair:3   | Noticed Sonja
 26957 | Lair:3   | Killed Sonja
 27224 | Lair:3   | Identified the +0 scale mail "Udefa" {Int+2 SInv}
 27602 | Lair:3   | Got the Reference Book on Dusty Translocation
 27710 | Lair:3   | Identified the +2 tower shield "Disuptad" {-Cast rF+
                  | Regen+}
 28099 | Lair:4   | Noticed Josephine
 28285 | Lair:4   | Killed Josephine
 28342 | Lair:4   | Reached XP level 15. HP: 115/115 MP: 14/19
 29664 | Lair:5   | Identified 2 scrolls of acquirement
 29665 | Lair:5   | Acquired a +1 vampiric demon trident
 29745 | Lair:5   | Got the Collected Works on Battle Magic
 29867 | Lair:5   | Reached skill level 10 in Shields
 29888 | Lair:5   | Reached skill level 13 in Polearms
 30307 | Lair:5   | You fall into a shaft and drop 1 floor!
 30307 | Lair:6   | Entered Level 6 of the Lair of Beasts
 30823 | Lair:6   | Reached skill level 10 in Evocations
 31075 | D:8      | Acquired a +0 pair of gloves of archery
 31525 | Lair:6   | Found a staircase to the Slime Pits.
 32130 | Lair:6   | Identified the +6 morningstar "Dausaeh" {spect, Will- Int-2
                  | Dex+8}
 32244 | Lair:6   | Reached XP level 16. HP: 73/124 MP: 20/20
 32410 | Lair:6   | Found a corrupted altar of Lugonu.
 32410 | Lair:6   | Found a one-way gate to the infinite horrors of the Abyss.
 33597 | D:13     | Identified the +0 pair of boots "Olumept" {Will++ Str+2
                  | Int-5 Slay+3}
 34193 | D:13     | Learned a level 3 spell: Portal Projectile
 35183 | D:14     | Lost mutation: Your spells are a little easier to cast, but
                  | a little less powerful. [potion of mutation]
 35183 | D:14     | Lost mutation: Your magical capacity is low. (-10% MP)
                  | [potion of mutation]
 35380 | D:14     | Lost mutation: Armour fits poorly on your strangely shaped
                  | body. [potion of mutation]
 35380 | D:14     | Gained mutation: You are strong-willed. (Will+) [potion of
                  | mutation]
 35380 | D:14     | Gained mutation: Your body sometimes deteriorates upon
                  | taking damage. [potion of mutation]
 35448 | D:14     | Found a gate to the Vaults.
 35586 | D:15     | Entered Level 15 of the Dungeon
 35656 | D:14     | Reached skill level 14 in Polearms
 35902 | D:15     | Found a staircase to the Depths.
 36186 | D:15     | Reached XP level 17. HP: 111/131 MP: 24/24
 36533 | Elf:1    | Entered Level 1 of the Elven Halls
 37009 | Elf:1    | Identified the ring of Umeoho {Ice rN+ Will- Str+4 Int+4}
 37121 | Elf:1    | Reached skill level 10 in Armour
 37531 | Elf:1    | Reached skill level 10 in Throwing
 38311 | Elf:1    | Found a runed translucent gate.
 38311 | Elf:1    | Found a runed translucent gate.
 38311 | Elf:1    | Found a runed translucent gate.
 38313 | Elf:1    | Found a runed translucent gate.
 38315 | Elf:1    | Noticed an Executioner
 38390 | Elf:1    | Found a runed translucent gate.
 38391 | Elf:1    | Found a runed translucent gate.
 38391 | Elf:1    | Noticed a storm dragon
 38967 | Elf:2    | Reached XP level 18. HP: 140/140 MP: 25/25
 38994 | Elf:2    | Found a runed translucent gate.
 38994 | Elf:2    | Found a runed translucent gate.
 38995 | Elf:2    | Found a runed translucent gate.
 39036 | Elf:2    | Found a radiant altar of Vehumet.
 39074 | Elf:2    | Found Jyasa's Magic Scroll Boutique.
 39132 | Elf:2    | Bought a scroll of acquirement for 728 gold pieces
 39132 | Elf:2    | Bought a scroll of magic mapping for 49 gold pieces
 39132 | Elf:2    | Bought a scroll of holy word for 105 gold pieces
 39138 | Elf:2    | Acquired a manual of Fighting
 39225 | Elf:3    | Entered Level 3 of the Elven Halls
 39516 | Elf:3    | Reached skill level 15 in Polearms
 39552 | Elf:3    | Found Rupseg's Armour Emporium.
 39558 | Elf:3    | Bought the +3 tower shield of Juguh {rC+ Dex+3 SInv} for
                  | 748 gold pieces
 39558 | Elf:3    | Bought a +2 pair of boots of rampaging for 365 gold pieces
 39561 | Elf:3    | Bought the +10 tower shield of Ignorance {rN+ Int-4} for
                  | 974 gold pieces
 39561 | Elf:3    | Found the +10 tower shield of Ignorance {rN+ Int-4}
 39653 | Elf:3    | Noticed an Executioner
 40956 | Elf:3    | Noticed an Executioner
 41069 | Elf:3    | Noticed a deep elf master archer
 41078 | Elf:3    | Killed a deep elf master archer
 41235 | Elf:3    | Identified the +8 broad axe of Chance {drain, rN+ Str-3
                  | Int+7}
 41320 | Elf:3    | Reached skill level 10 in Dodging
 41334 | Elf:3    | Identified the +4 short sword "Xiynni" {vorpal, Str+4 Int-3
                  | Dex+4}
 41363 | Elf:3    | Noticed a deep elf blademaster
 41367 | Elf:3    | Noticed a deep elf master archer
 41380 | Elf:3    | Noticed a deep elf master archer
 41381 | Elf:3    | Killed a deep elf master archer
 41390 | Elf:3    | Killed a deep elf blademaster
 41404 | Elf:3    | Killed a ghostly deep elf blademaster
 41405 | Elf:3    | Killed a deep elf master archer
 41451 | Elf:3    | Reached XP level 19. HP: 43/145 MP: 26/26
 41540 | Elf:3    | Found the necklace of Bloodlust {*Rage +Rage Will++ Int-3
                  | Slay+6}
 41624 | Elf:3    | Identified the +5 battleaxe of Liebon {vorpal, rC+++ rN+
                  | Will+ Str-5}
 41637 | Elf:3    | Identified the +6 battleaxe "Dragon's Peril" {holy, Str+4}
 41856 | Elf:3    | Got the Volume of Fiery Darkness
 41865 | Elf:3    | Identified the +4 chain mail "Pealuzo" {rN+ Dex+2}
 41986 | Elf:3    | Reached skill level 15 in Shields
 42467 | Spider:1 | Entered Level 1 of the Spider Nest
 44194 | Spider:1 | Reached skill level 16 in Polearms
 46181 | Spider:3 | Reached XP level 20. HP: 159/159 MP: 27/27
 46194 | Spider:3 | Noticed Asterion
 46210 | Spider:3 | Killed Asterion
 47151 | Spider:4 | Entered Level 4 of the Spider Nest
 47299 | Spider:4 | Noticed Bai Suzhen
 47323 | Spider:4 | Killed Bai Suzhen
 47386 | Spider:4 | Noticed Louise
 47411 | Spider:3 | Killed Louise
 50152 | Spider:4 | Noticed Arachne
 50182 | Spider:4 | Killed Arachne
 50519 | Spider:4 | Got a gossamer rune of Zot
 51057 | Swamp:1  | Entered Level 1 of the Swamp
 51085 | Lair:2   | Reached XP level 21. HP: 167/167 MP: 28/28
 51224 | Swamp:1  | Identified the +9 hand crossbow "Conloq" {venom, *Slow
                  | Int+2 SInv}
 51229 | Swamp:1  | Reached skill level 15 in Fighting
 51354 | Swamp:2  | Found a transporter.
 51402 | Swamp:2  | Reached skill level 15 in Throwing
 51404 | Swamp:2  | Found a transporter.
 51441 | Swamp:2  | Reached skill level 17 in Polearms
 51487 | Swamp:1  | Reached skill level 5 in Spellcasting
 52252 | Swamp:2  | Noticed Ybburrusol's ghost (adept MfIE)
 52623 | Swamp:2  | Got the Reference Book on the Freezing Escort
 53618 | Swamp:4  | Entered Level 4 of the Swamp
 54492 | Swamp:4  | Noticed the 27-headed Lernaean hydra
 54499 | Swamp:4  | Killed the 27-headed Lernaean hydra
 54964 | Swamp:4  | Got a decaying rune of Zot
 55732 | Vaults:1 | Entered Level 1 of the Vaults
 55879 | Vaults:2 | Found a magical portal.
 55889 | WizLab   | Entered Doroklohe's Tomb
 55952 | WizLab   | Noticed a royal mummy
 55982 | WizLab   | Killed a royal mummy
 55983 | WizLab   | Reached XP level 22. HP: 137/177 MP: 31/31
 56416 | WizLab   | Acquired the ring of Broken Luck {Contam rC+ rCorr Slay+5
                  | Stlth+}
 57629 | Vaults:1 | You fall into a shaft and drop 1 floor!
 58045 | Vaults:2 | Found a staircase to the Crypt.
 58562 | Vaults:2 | Reached skill level 18 in Polearms
 59266 | Vaults:3 | Slain by an ironbound thunderhulk

Illustrated notes

Levels and vault maps discovered:
D:1:      lightli_arrival_boilingwater, layout_rooms,
          shapermc_ecumenical_altar_starsandcircs, amcnicky_mini_pool_small
D:2:      layout_basic, minmay_split_cup_large, uniq_crazy_yiuf_cottage
D:3:      layout_basic, ashenzari_altar_1, fedhas_altar_2, minmay_ruptured
D:4:      layout_basic, makhleb_altar_promises_db,
          mainiacjoe_overflow_cross_hatched, uniq_edmund
D:5:      layout_loops_ring, lemuel_tele_altar, mainiacjoe_overflow_24_doors
D:6:      layout_cave_pools, minitemple, portal_sewer_entry_e, serial_park,
          serial_park_tiny_pond, serial_park_square2, serial_park_tiny_2,
          serial_park_tiny_1, kennysheep_donut
D:7:      layout_loops_cross, temple_fountains, serial_glass, glass_columns_a,
          glass_columns_a, gammafunk_ghost_wrathful_warriors, uniq_harold
D:8:      layout_basic, dpeg_oklobed_lair, minivault_24
D:9:      layout_rooms, serial_rivers, chequers_serial_rivers_small_a,
          chequers_serial_rivers_marsh, chequers_serial_rivers_large_a,
          chequers_serial_rivers_large_b, uniq_psyche, uniq_maurice, uniq_pikel
D:10:     layout_cave_pools, serial_gnoll_camp, gnoll_camp_medium_02,
          gnoll_camp_mini_doghouse, gnoll_camp_mini_sergeant,
          gnoll_camp_medium_01, minmay_misc_feat_pillars, uniq_erolcha
D:11:     layout_loops_ring, gauntlet_entry_generic, serial_rivers,
          chequers_serial_rivers_micro_a, chequers_serial_rivers_room_a,
          chequers_serial_rivers_micro_d, chequers_serial_rivers_marsh,
          chequers_serial_rivers_small_b, amcnicky_mini_rare_corridor_liquid,
          minmay_starry_boxes, uniq_grum, uniq_snorg
D:12:     minmay_shrinking_squares, layout_basic, david_orc_4, serial_shops,
          nicolae_square_shop, kennysheep_opposing_triangles, uniq_frances,
          uniq_gastronok
D:13:     layout_basic
D:14:     cheibrodos_orc_bank, layout_small_grid, grunt_vaults_entry_tiered,
          minmay_misc_feat_cross
D:15:     gammafunk_depths_entry_grave, layout_rooms
Temple:   nicolae_temple_no_exploring_needed
Lair:1:   layout_loops_ring, portal_ice_cave_entry_pillars_1, lemuel_fruit_tree
Lair:2:   layout_loops_ring, minmay_swamp_entry_swarm, spider_nest_entry_rubble,
          chequers_serial_rivers_room_a
Lair:3:   lemuel_reptile_caves, layout_cave_shapes, uniq_sonja
Lair:4:   layout_misc_corridors, infiniplex_staircase_pool, uniq_josephine
Lair:5:   layout_long_grid, roderic_carrion_pond, grunt_megastairs_2
Lair:6:   hellmonk_lair_end_abyssal_woods, layout_small_grid,
          dpeg_slime_entry_corner, pond
Swamp:1:  layout_basic_swamp, evilmike_swamp_ruin_rubble_2,
          nicolae_swamp_frolicking_bunyips
Swamp:2:  layout_basic_swamp, gammafunk_ghost_abyssal_escape, serial_swamp_ruin,
          evilmike_swamp_ruin_house_1, evilmike_swamp_ruin_house_2,
          evilmike_swamp_ruin_rubble_1, swamp_pool1
Swamp:3:  layout_basic_swamp, evilmike_swamp_ruin_house_6
Swamp:4:  swamp_old_school, layout_basic_swamp, swamp_pool5
Spider:1: layout_spider_delve, nicolae_spider_nooks_and_crannies
Spider:2: layout_spider_delve
Spider:3: layout_spider_delve, nicolae_spider_twisty_arc_passages, uniq_asterion
Spider:4: johnstein_spider_rune_arachne_lair, hangedman_stitches_earthworm,
          uniq_bai_suzhen, uniq_arachne, uniq_louise
Orc:1:    layout_diamond_mine
Orc:2:    grunt_orc_community_town_hall, layout_caves,
          grunt_orc_community_big_house_1, grunt_orc_community_big_house_2,
          grunt_orc_community_house_1, grunt_orc_community_house_2,
          grunt_orc_community_house_2, grunt_orc_community_house_1
Elf:1:    elf_arrival_001, layout_onion_city, orc_legates, nrook_loot_triangle,
          einodemon_barbed_minivault
Elf:2:    elven_hall_of_blades_hangedman_original
          [nicolae_blade_entry_sentries_behind_glass], layout_loops_cross,
          serial_shops, nicolae_lakefront_shop, basic_altar
Elf:3:    nooodl_elf_gasket, layout_geoelf_castle, serial_shops, shop
Vaults:1: kb_rosetta, vaults_mumra_minichess, vaults_mumra_lcd,
          hangedman_vaults_restitches, v_pattern_2, v_misc_17,
          nicolae_vaults_little_squares_1, hangedman_vaults_impose,
          nicolae_vaults_rhombus_5, grunt_vaults_twisty, layout_vaults_omnicross
Vaults:2: nicolae_vaults_little_squares_5, hangedman_vaults_slice,
          vaults_mumra_minichess_inversion, v_pattern_5,
          minmay_crypt_entry_simple_corners, hangedman_vaults_nails,
          ontoclasm_vaults_gateway, vaults_dpeg_cross,
          nicolae_vaults_mini_display_case, layout_vaults_maze_snakey,
          mu_enter_wizlab_6
Vaults:3: v_alt_pattern_4, nicolae_vaults_back_hallway, hangedman_vaults_pinch,
          nicolae_vaults_diagonal_hallway_6, vaults_mumra_hex,
          ontoclasm_vaults_claustrophobia, nicolae_vaults_rhombus_7,
          ontoclasm_vaults_eye, grunt_vaults_diagonal,
          layout_vaults_chaotic_city

Skill      XL: |  1  2  3  4  5  6  7  8  9 10 11 12 13 14 15 16 17 18 19 20 21 22 |
---------------+-------------------------------------------------------------------+-----
Polearms       | 1 2 3 4 5 6 8 9 10 11 12 13 14 15 16 17 18 | 18.0
Fighting       | 3 4 5 6 8 9 10 11 12 13 14 15 16 | 16.4
Throwing       | 1 2 4 5 6 7 8 9 10 11 13 14 16 | 16.7
Crossbows      | 5 |  5.7
Shields        | 1 2 3 4 6 7 9 10 12 13 14 15 16 | 16.5
Armour         | 1 2 3 5 6 7 8 9 10 11 12 | 12.3
Evocations     | 1 2 3 5 6 7 8 9 10 11 12 13 14 | 14.1
Dodging        | 2 4 5 6 7 8 9 10 11 | 11.9
Translocations | 2 3 4 |  4.9
Hexes          | 1 4 5 7 8 |  8.6
Spellcasting   | 1 3 4 6 7 |  7.2
Fire Magic     | 1 3 |  3.0
Stealth        | |  1.2

Action                   |  1- 3 |  4- 6 |  7- 9 | 10-12 | 13-15 | 16-18 | 19-21 | 22-24 || total
-------------------------+-------+-------+-------+-------+-------+-------+-------+-------++-------
Melee: Spear             |   129 |    64 |       |    20 |       |       |       |       ||   213
       Quarterstaff      |       |    70 |   262 |   401 |       |       |       |       ||   733
       Halberd           |       |       |       |    67 |  1225 |   150 |    47 |       ||  1489
       Hand axe          |       |       |       |       |   343 |       |       |       ||   343
       Demon trident     |       |       |       |       |   277 |  1519 |  2179 |   693 ||  4668
       Battleaxe         |       |       |       |       |       |       |     6 |       ||     6
 Fire: Hand crossbow     |    26 |    20 |    12 |       |       |       |       |       ||    58
Throw: Dart              |     1 |     7 |    74 |    88 |   153 |    23 |   147 |       ||   493
       Boomerang         |       |       |    13 |    52 |   115 |    67 |   118 |    30 ||   395
       Throwing net      |       |       |     1 |     2 |       |       |       |       ||     3
       Javelin           |       |       |       |     7 |     5 |    21 |     9 |       ||    42
       Stone             |       |       |       |       |     1 |       |       |       ||     1
 Cast: Inner Flame       |       |       |       |       |       |       |     1 |       ||     1
       Portal Projectile |       |       |       |       |       |       |     3 |       ||     3
Invok: Potion Petition   |       |       |       |     4 |     3 |     4 |     9 |     1 ||    21
       Call Merchant     |       |       |       |       |       |       |     3 |       ||     3
 Abil: Dig               |     1 |       |    10 |     9 |    69 |    31 |    52 |    13 ||   185
       Shaft Self        |       |       |     1 |       |       |       |       |       ||     1
Evoke: Wand              |       |       |     5 |    51 |    27 |     6 |    13 |     1 ||   103
       Box of beasts     |       |       |       |       |     2 |     1 |     4 |       ||     7
       Lightning rod     |       |       |       |       |       |       |     4 |       ||     4
  Use: Scroll            |       |     3 |     6 |    11 |    12 |     6 |     9 |     1 ||    48
       Potion            |       |       |     4 |     4 |     3 |     2 |     7 |       ||    20
 Stab: Sleeping          |     4 |     1 |       |       |       |       |     4 |     6 ||    15
       Paralysed         |       |     1 |       |    48 |    14 |       |       |       ||    63
       Confused          |       |       |     1 |     2 |       |       |       |       ||     3
       Distracted        |       |       |       |     4 |    13 |     5 |    13 |     1 ||    36
       Invisible         |       |       |       |       |    14 |     5 |    18 |       ||    37
       Held in net/web   |       |       |       |       |       |       |     1 |       ||     1
Armor: Leather armour    |    53 |    43 |    55 |    28 |    54 |       |   230 |    37 ||   500
       Ring mail         |       |       |       |    56 |   188 |   119 |     7 |       ||   370
       Skin              |       |       |       |    32 |     1 |       |       |       ||    33
       Plate armour      |       |       |       |       |     9 |       |       |       ||     9
Dodge: Dodged            |    92 |    78 |   106 |   152 |   508 |   243 |   495 |   115 ||  1789
Block: Buckler           |       |     9 |   136 |   104 |       |       |       |       ||   249
       Reflection        |       |       |    20 |     6 |    12 |    65 |    42 |    17 ||   162
       Kite shield       |       |       |       |   147 |   442 |       |       |       ||   589
       Tower shield      |       |       |       |       |   546 |   984 |  1926 |   462 ||  3918
